 Dungeon Crawl Stone Soup version 0.19.0-20-gbc5f0c6 (webtiles) character file.

361 McCoppin the Sneak (level 6, -4/42 HPs)
             Began as an Octopode Necromancer on Nov 17, 2016.
             Slain by a centaur zombie (8 damage)
             ... on level 4 of the Dungeon.
             The game lasted 00:13:03 (3928 turns).

McCoppin the Sneak (Octopode Necromancer)           Turns: 3928, Time: 00:13:04

Health: -4/42      AC:  1    Str:  7    XL:     6   Next: 66%
Magic:  9/9        EV: 13    Int: 17    God:
Gold:   36         SH:  5    Dex: 15    Spells: 3 memorised, 2 levels left

rFire  . . .     SeeInvis .     p - +0 whip (elec)
rCold  . . .     Gourm    .     (no shield)
rNeg   + . .     Faith    .     (helmet restricted)
rPois  .         Spirit   .     q - +5 amulet of reflection
rElec  .         Reflect  +     l - ring of positive energy
rCorr  .         Harm     .     k - ring of wizardry
MR     .....                    j - +2 ring of slaying
Stlth  +++++.....               (no ring)
                                (no ring)
                                (no ring)
                                (no ring)
                                (no ring)

@: hasted, very quick
A: almost no armour, stealthy swim, amphibious, 8 rings, constrict 8, camouflage
1, gelatinous body 1
a: no special abilities


You were on level 4 of the Dungeon.
You were not hungry.

You visited 1 branch of the dungeon, and saw 4 of its levels.

You collected 189 gold pieces.
You spent 153 gold pieces at shops.

Inventory:

Hand Weapons
 f - a +0 dagger
 p - a +0 whip of electrocution (weapon)
Jewellery
 j - a +2 ring of slaying (on tentacle)
 k - a ring of wizardry (right tentacle)
 l - a ring of positive energy (left tentacle)
 q - a +5 amulet of reflection (around mantle)
Wands
 i - a wand of lightning (5/15)
Scrolls
 d - 4 scrolls of identify
 e - 5 scrolls of remove curse
 h - a scroll of enchant weapon {unknown}
 m - a scroll of blinking
 r - 2 scrolls of noise {unknown}
 t - a scroll of amnesia {unknown}
Potions
 g - a potion of agility
 u - a potion of heal wounds {unknown}
Books
 a - a book of Necromancy

   Spells                             Type                      Level
   a - Pain                           Necromancy                   1
   b - Animate Skeleton               Necromancy                   1
   c - Vampiric Draining              Necromancy                   3
   d - Regeneration                   Charms/Necromancy            3
   e - Animate Dead                   Necromancy                   4
   f - Control Undead                 Necromancy                   4
Comestibles
 b - 6 bread rations
 c - 5 meat rations
 n - a slice of pizza


   Skills:
 + Level 3.1 Fighting
 - Level 2.0 Dodging
 - Level 7.0 Stealth
 - Level 2.0 Spellcasting
 + Level 5.2 Necromancy


You had 2 spell levels left.
You knew the following spells:

 Your Spells              Type           Power        Failure   Level  Hunger
a - Pain                  Necr           ###.         1%          1    #......
b - Vampiric Draining     Necr           ###.......   4%          3    ###....
c - Regeneration          Chrm/Necr      ##........   9%          3    ###....


Dungeon Overview and Level Annotations

Branches:
Dungeon (4/15)
 Temple: D:4-7

Altars:
Nemelex Xobeh
Trog

Shops:
D:4 }[(*


Innate Abilities, Weirdness & Mutations

You cannot wear most types of armour.
You are very stealthy in the water. (Stealth+)
You are amphibious.
You can wear up to eight rings at the same time.
You can use your tentacles to constrict eight enemies at once.
Your skin changes colour to match your surroundings (Stealth+).
Your rubbery body absorbs attacks. (AC +1, EV +1)


Message History

The centaur zombie hits you.
You hit the centaur zombie.
The centaur zombie is almost destroyed.
The centaur zombie hits you.
* * * LOW HITPOINT WARNING * * *
The centaur zombie hits you.
* * * LOW HITPOINT WARNING * * *
Casting: Regeneration
Confirm with . or Enter, or press ? or * to list all spells.
Aiming: Vampiric Draining
Press: ? - help, Shift-Dir - straight line, f - centaur zombie
Aim: a centaur zombie (almost destroyed)
Okay, then.
Okay, then.
You completely miss the centaur zombie.
The centaur zombie is almost destroyed.
The centaur zombie completely misses you.
It was a potion of haste.
You feel yourself speed up. The centaur zombie hits you!
You die...

#### #...
#... #...
####
#######...
#..
#>........
#Z#
#.########
#@#
#.........
#.#
#.........
#.#
#<........
#.#
##.#####..
#.# #.#
#.... #.#
#.# ##...
#.# #.#
#... #.#
... #...
#.# .[.
#...


You could see a centaur zombie.

Vanquished Creatures
  2 hounds
  An orc priest (D:3)
  2 orc wizards (D:4)
  A centaur skeleton (D:4)
  A worker ant (D:4)
  5 adders
  An ooze (D:3)
  A worm (D:4)
  A dart slug (D:2)
  3 leopard geckos
  12 orcs
  11 bats
  A giant cockroach (D:2)
  12 goblins
  8 hobgoblins
  7 jackals
  2 quokkas (D:2)
  2 ball pythons (D:1)
  4 frilled lizards
  5 kobolds
  27 rats
109 creatures vanquished.

Vanquished Creatures (others)
  4 toadstools (D:1)
4 creatures vanquished.

Grand Total: 113 creatures vanquished

Notes
Turn   | Place    | Note
-------+----------+-------------------------------------------
     0 | D:1      | McCoppin the Octopode Necromancer began the quest for the Orb.
     0 | D:1      | Reached XP level 1. HP: 11/11 MP: 3/3
    36 | D:1      | Reached skill level 3 in Stealth
   296 | D:1      | Reached XP level 2. HP: 17/17 MP: 5/5
   395 | D:1      | Reached skill level 4 in Stealth
   959 | D:2      | Reached skill level 5 in Stealth
   959 | D:2      | Reached XP level 3. HP: 12/21 MP: 1/6
  1140 | D:2      | Learned a level 3 spell: Vampiric Draining
  1282 | D:2      | Reached skill level 6 in Stealth
  1282 | D:2      | Reached XP level 4. HP: 27/27 MP: 7/7
  1955 | D:3      | Reached skill level 7 in Stealth
  2007 | D:3      | Learned a level 3 spell: Regeneration
  2115 | D:3      | Reached XP level 5. HP: 22/31 MP: 8/8
  2127 | D:3      | Reached skill level 1 in Fighting
  3369 | D:4      | Found a sparkling altar of Nemelex Xobeh.
  3383 | D:4      | Reached XP level 6. HP: 30/39 MP: 9/9
  3397 | D:4      | Found Ewefavocw's Weapon Shoppe.
  3399 | D:4      | Found Mog Tucw's Assorted Antiques.
  3399 | D:4      | Found Eczica's Armour Shoppe.
  3400 | D:4      | Found Waonitzi's Gadget Shoppe.
  3418 | D:4      | Bought a copper ring for 130 gold pieces
  3419 | D:4      | Bought a sapphire potion for 23 gold pieces
  3528 | D:4      | Found a bloodstained altar of Trog.
  3611 | D:4      | Reached skill level 5 in Necromancy
  3928 | D:4      | Slain by a centaur zombie

Skill      XL: |  1  2  3  4  5  6 |
---------------+-------------------+-----
Stealth        | 3 5 6 7 |  7.0
Fighting       | 2 3 |  3.1
Necromancy     | 5 |  5.2
Dodging        | |  2.0
Spellcasting   | |  2.0

Action                   |  1- 3 |  4- 6 || total
-------------------------+-------+-------++-------
Melee: Unarmed           |    43 |       ||    43
       Constrict         |    24 |    36 ||    60
       Spear             |    15 |       ||    15
       Tentacles         |    11 |    25 ||    36
       Dagger            |    25 |    67 ||    92
       Whip              |       |   100 ||   100
 Cast: Pain              |     7 |       ||     7
       Vampiric Draining |     2 |     4 ||     6
       Regeneration      |       |     5 ||     5
  Use: Scroll            |     1 |     3 ||     4
       Potion            |       |     1 ||     1
 Stab: Sleeping          |     5 |    23 ||    28
  Eat: Chunk             |     2 |     9 ||    11
Armor: Skin              |    14 |    10 ||    24
Dodge: Dodged            |    52 |   112 ||   164
Block: Other             |       |    13 ||    13
